 Dungeon Crawl Stone Soup version 0.21-a0-243-g597973d (webtiles) character file.

14063 tidbits the Fighter (level 11, 73/97 HPs)
             Began as a Demigod Wanderer on Sept 4, 2017.
             Quit the game on level 2 of the Orcish Mines.
             The game lasted 01:25:37 (7316 turns).

tidbits the Fighter (Demigod Wanderer)              Turns: 7316, Time: 01:25:38

Health: 73/97      AC: 14    Str: 16    XL:     11   Next: 54%
Magic:  13/26      EV: 11    Int: 17    God:
Gold:   987        SH:  0    Dex: 11    Spells: 8/24 levels left

rFire    . . .     SeeInvis +   Y - +1 whip of Expedience {slash, *Rage SInv Stlth+} (curse)
rCold    . . .     Gourm    .   (no shield)
rNeg     . . .     Faith    .   B - +3 troll leather armour {Snorg}
rPois    .         Spirit   .   E - +2 helmet
rElec    .         Reflect  .   C - +1 cloak
rCorr    .         Harm     .   G - +0 pair of gloves
MR       +....     Rnd*Rage +   F - +0 pair of boots
Stlth    ++........             Q - amulet of regeneration
HPRegen  1.46/turn              j - -3 ring of intelligence (curse)
MPRegen  0.20/turn              R - -5 ring of dexterity (curse)

@: very slightly contaminated, very heavily drained
A: high mp 1, regeneration 1
a: no special abilities


You were on level 2 of the Orcish Mines.
You were not hungry.

You visited 4 branches of the dungeon, and saw 17 of its levels.
You also visited: Sewer.

You collected 1162 gold pieces.
You spent 175 gold pieces at shops.

Inventory:

Hand Weapons
 a - a +3 flail of holy wrath
   (You took it off Edmund on level 4 of the Dungeon)
 b - a +2 whip of venom
   (You took it off a gnoll on level 5 of the Dungeon)
 S - a +2 flail of freezing
   (You took it off a wight on level 6 of the Dungeon)
 Y - the cursed +1 whip of Expedience (weapon) {slash, *Rage SInv Stlth+}
   (You found it on level 7 of the Dungeon)

   It inflicts extra damage upon your enemies.
   It lets you see invisible.
   It may make you go berserk in combat.
   It makes you more stealthy.
   It has a curse placed upon it.
Missiles
 h - 16 stones
 q - 200 arrows
 D - 8 javelins of penetration (quivered)
 T - 3 throwing nets {!f}
Armour
 B - a +3 troll leather armour (worn) {Snorg}
 C - a +1 cloak (worn)
 E - a +2 helmet (worn)
 F - a +0 pair of boots (worn)
 G - a +0 pair of gloves (worn)
Jewellery
 j - a cursed -3 ring of intelligence (left hand)
   (You found it on level 11 of the Dungeon)
 Q - an amulet of regeneration (around neck)
   (You found it on level 8 of the Dungeon)
 R - a cursed -5 ring of dexterity (right hand)
   (You found it on level 10 of the Dungeon)
Wands
 d - a wand of digging (7/24)
 e - a wand of digging (11/24)
 k - a wand of paralysis (1/24)
 l - a wand of iceblast (4/15)
 o - a wand of disintegration (14/24)
 r - a wand of polymorph (7/24)
 w - a wand of iceblast (9/15)
 x - a wand of disintegration (0/24)
 y - a wand of random effects (18/48)
 z - a wand of paralysis (17/24)
 I - a wand of acid (1/15)
 O - a wand of flame (24/48)
 Z - a wand of confusion (26/48)
Scrolls
 c - 3 scrolls of teleportation
 v - 5 scrolls of immolation
 A - a scroll of blinking
 U - 2 scrolls of magic mapping
 V - 2 scrolls of vulnerability {unknown}
 W - 4 scrolls of enchant weapon
Potions
 i - 4 potions of flight
 n - 3 potions of agility
 p - a potion of cancellation
 t - a potion of invisibility
 u - 3 potions of might
 H - a potion of heal wounds
 J - 2 potions of lignification
 K - 4 potions of curing
 L - a potion of berserk rage
 X - a potion of brilliance
Books
 g - a book of Cantrips
   (You found it on level 3 of the Dungeon)

   Spells                             Type                      Level
   a - Confusing Touch                Hexes                        1
   b - Animate Skeleton               Necromancy                   1
   c - Summon Small Mammal            Summoning                    1
   d - Apportation                    Translocation                1
 m - a Young Poisoner's Handbook
   (You found it on level 10 of the Dungeon)

   Spells                             Type                      Level
   a - Sting                          Conjuration/Poison           1
   b - Poisonous Vapours              Poison/Air                   2
   c - Mephitic Cloud                 Conjuration/Poison/Air       3
   d - Olgreb's Toxic Radiance        Poison                       4
   e - Venom Bolt                     Conjuration/Poison           5
Miscellaneous
 s - a phial of floods
Comestibles
 f - 9 bread rations
 M - a meat ration
 N - a royal jelly
 P - 6 chunks of flesh


   Skills:
 + Level 9.3(5.0) Fighting
   Level 3.6(0.0) Axes
 + Level 3.6(0.0) Dodging
 - Level 1.7(0.0) Stealth
 - Level 7.3(3.3) Spellcasting
 - Level 2.8(0.0) Conjurations
   Level 1.0(0.0) Hexes
 - Level 2.2(0.0) Necromancy
 - Level 4.1(0.4) Transmutations
 - Level 9.1(4.9) Earth Magic
 - Level 6.0(2.1) Evocations


You had 8 spell levels left.
You knew the following spells:

 Your Spells              Type           Power        Failure   Level  Hunger
l - Lee's Rapid Deconstr  Erth           ###.......   61%         5    ######.
n - Animate Skeleton      Necr           N/A          22%         1    None
p - Petrify               Tmut/Erth      ##......     56%         4    ####...
s - Stone Arrow           Conj/Erth      ##....       22%         3    ###....
w - Passwall              Tmut/Erth      ##........   11%         2    ##.....
z - Sandblast             Erth           ###...       2%          1    None


Dungeon Overview and Level Annotations

Branches:
Dungeon (13/15)              Lair (1/6) D:9             Orc (2/2) D:12
    Elf (1/3) Orc:2
 Temple: D:4-7       Vaults: D:13-14

Shops:
D:5 !   D:6 =   D:8 [   D:12 :

Annotations:
D:11 exclusion: gargoyle, Gastronok


Innate Abilities, Weirdness & Mutations

You have an increased reservoir of magic. (+10% MP)
Your natural rate of healing is unusually fast.


Message History

Casting: Sandblast
Confirm with . or Enter, or press ? or * to list all spells.
Aiming: Sandblast
Press: ? - help, Shift-Dir - straight line, f/p - orc sorcerer
Aim: an orc sorcerer, wielding a dagger of speed and wearing a glowing robe (moderately wounded)
The blast of sand hits the orc sorcerer.
The orc sorcerer is moderately wounded.
h - 17 stones The orc sorcerer gestures at you while chanting.
The bolt of negative energy hits you!
You feel drained.
* * * LOW HITPOINT WARNING * * *
Casting: Sandblast
Confirm with . or Enter, or press ? or * to list all spells.
Aiming: Sandblast
Press: ? - help, Shift-Dir - straight line, f/p - orc sorcerer
Aim: an orc sorcerer, wielding a dagger of speed and wearing a glowing robe (moderately wounded)
The blast of sand hits the orc sorcerer.
The orc sorcerer is moderately wounded.
h - 16 stones The orc sorcerer hits you but does no damage.
You feel much better.
The orc sorcerer hits you but does no damage.
The orc sorcerer hits you with a dagger of speed.
Evoke which item? (* to show all) (? for menu, Esc to quit)
Aiming: Paralyse
Press: ? - help, Shift-Dir - straight line, f/p - orc sorcerer
Aim: an orc sorcerer, wielding a dagger of speed and wearing a glowing robe (lightly wounded, chance to defeat MR: 34%)
The orc sorcerer easily resists.
This wand has 2 charges left.
The orc sorcerer hits you but does no damage.
Evoke which item? (* to show all) (? for menu, Esc to quit)
Aiming: Paralyse
Press: ? - help, Shift-Dir - straight line, f/p - orc sorcerer
Aim: an orc sorcerer, wielding a dagger of speed and wearing a glowing robe (lightly wounded, chance to defeat MR: 34%)
The orc sorcerer suddenly stops moving!
This wand has 1 charge left.
The helpless orc sorcerer fails to defend itself.
You hit the orc sorcerer but do no damage.
The orc sorcerer is lightly wounded.
The helpless orc sorcerer fails to defend itself.
You hit the orc sorcerer.
The orc sorcerer is moderately wounded.
The helpless orc sorcerer fails to defend itself.
You hit the orc sorcerer but do no damage.
The orc sorcerer is moderately wounded.
The helpless orc sorcerer fails to defend itself.
You hit the orc sorcerer.
The orc sorcerer is heavily wounded.
The helpless orc sorcerer fails to defend itself.
You hit the orc sorcerer.
The orc sorcerer is severely wounded.
The helpless orc sorcerer fails to defend itself.
You hit the orc sorcerer but do no damage.
The orc sorcerer is severely wounded.
The helpless orc sorcerer fails to defend itself.
You hit the orc sorcerer.
The orc sorcerer is severely wounded.
The helpless orc sorcerer fails to defend itself.
You hit the orc sorcerer but do no damage.
The orc sorcerer is severely wounded.
The helpless orc sorcerer fails to defend itself.
You hit the orc sorcerer but do no damage.
The orc sorcerer is severely wounded.
The helpless orc sorcerer fails to defend itself.
You hit the orc sorcerer but do no damage.
The orc sorcerer is severely wounded.
The helpless orc sorcerer fails to defend itself.
You hit the orc sorcerer but do no damage.
The orc sorcerer is severely wounded.
The helpless orc sorcerer fails to defend itself.
You hit the orc sorcerer.
The orc sorcerer is almost dead.
The helpless orc sorcerer fails to defend itself.
You hit the orc sorcerer but do no damage.
The orc sorcerer is severely wounded.
The orc sorcerer is no longer paralysed.
The orc sorcerer gestures at you while chanting.
The bolt of fire hits you!
You closely miss the orc sorcerer.
The orc sorcerer is severely wounded.
The orc sorcerer hits you with a dagger of speed!
The orc sorcerer hits you but does no damage.
You hit the orc sorcerer but do no damage.
The orc sorcerer is severely wounded.
The orc sorcerer gestures at you while chanting.
You suddenly lose the ability to move!
The orc sorcerer hits you but does no damage. x2
The orc sorcerer points at you and mumbles some strange words.
You shrug off the repeated paralysis!
The orc sorcerer casts a spell at you. You resist with some effort.
The orc sorcerer hits you but does no damage.
You can move again.
Casting: Sandblast
Confirm with . or Enter, or press ? or * to list all spells.
Aiming: Sandblast
Press: ? - help, Shift-Dir - straight line, f/p - orc sorcerer
Aim: an orc sorcerer, wielding a dagger of speed and wearing a glowing robe (severely wounded)
You miscast Sandblast.
Nothing appears to happen.
The orc sorcerer closely misses you.
The orc sorcerer hits you but does no damage.
Are you sure you want to abandon this character and quit the game? (Confirm with "yes".)

.............
.....<....... .....
..............#....
...............#...
..............#...##
.o.................##
....................#
.####.#.........o..#
. #.#....##...@.#
..#.........##
...#.........#
..#........###
....#...#.......##
.....##...........#
...#...#.....#.##.##
..#....#....#### ##
.........#...###


You could see an orc sorcerer.

Vanquished Creatures
  Snorg (Orc:1)
  2 hydras (D:12)
  A centaur warrior (D:11)
  A tengu warrior (D:12)
  Urug (Orc:1)
  3 ugly things
  A manticore (D:11)
  An orc sorcerer (Orc:2)
  A komodo dragon (D:12)
  Grinder (D:5)
  4 trolls
  A hippogriff (D:7)
  A wraith (D:11)
  A hungry ghost (D:7)
  A warg (Orc:1)
  Edmund (D:4)
  A water moccasin (D:12)
  5 ice beasts
  9 orc warriors
  2 sky beasts
  4 phantoms
  12 ogres
  A boggart (D:11)
  6 centaurs
  3 big kobolds
  3 bullfrogs
  2 gnoll sergeants (D:12)
  A scorpion (D:4)
  3 wights (D:6)
  A bullfrog zombie (D:8)
  5 crimson imps
  A centaur skeleton (D:9)
  A gnoll shaman (D:5)
  10 orc priests
  2 bullfrog skeletons
  3 hounds
  A jelly (D:9)
  11 orc wizards
  An iguana (D:8)
  9 worker ants
  Natasha (thrice) (D:1)
  Robin (D:4)
  11 gnolls
  7 adders
  4 river rats (D:5)
  2 oozes (D:3)
  An adder skeleton (D:9)
  2 worms (D:5)
  A dart slug (D:3)
  3 leopard geckos
  43 orcs
  6 giant cockroaches
  11 goblins
  13 hobgoblins
  8 jackals
  2 quokkas
  3 ball pythons
  5 bats
  4 frilled lizards
  13 kobolds
  A leopard gecko skeleton (D:4)
  A quokka skeleton (D:7)
  11 rats
275 creatures vanquished.

Vanquished Creatures (collateral kills)
  2 orc warriors (Orc:1)
  An ogre (Orc:1)
  2 gnolls (Orc:1)
  8 orcs (Orc:1)
13 creatures vanquished.

Grand Total: 288 creatures vanquished

Notes
Turn   | Place    | Note
-------+----------+-------------------------------------------
     0 | D:1      | tidbits the Demigod Wanderer began the quest for the Orb.
     0 | D:1      | tidbits set off with: a book of Geomancy, a +0 ring mail, a +0 hand axe, a +0 dagger, a bread ration
     0 | D:1      | Reached XP level 1. HP: 16/16 MP: 4/4
     2 | D:1      | Learned a level 1 spell: Sandblast
   343 | D:1      | Reached XP level 2. HP: 23/23 MP: 6/6
   415 | D:2      | Noticed Natasha
   423 | D:1      | Killed Natasha
   423 | D:1      | Reached skill level 2 in Earth Magic
   423 | D:1      | Reached XP level 3. HP: 28/28 MP: 3/8
   519 | D:1      | Noticed Natasha
   525 | D:1      | HP: 2/28 [Natasha/magic dart (6)]
   526 | D:1      | Killed Natasha
   614 | D:1      | Noticed Natasha
   617 | D:1      | Reached skill level 2 in Spellcasting
   622 | D:1      | Killed Natasha
   622 | D:1      | Reached skill level 3 in Earth Magic
   622 | D:1      | Reached XP level 4. HP: 26/35 MP: 5/9
   974 | D:2      | Learned a level 2 spell: Passwall
  1425 | D:3      | Learned a level 1 spell: Animate Skeleton
  1460 | D:3      | Reached XP level 5. HP: 40/40 MP: 8/11
  1505 | D:4      | HP: 1/40 [scorpion (10)]
  1508 | D:4      | Reached skill level 1 in Necromancy
  1517 | D:4      | Learned a level 3 spell: Stone Arrow
  1568 | D:4      | Found a stormy altar of Qazlal.
  1708 | D:4      | Noticed an ogre
  1713 | D:4      | Killed an ogre
  1713 | D:4      | Reached skill level 3 in Spellcasting
  1713 | D:4      | Reached skill level 2 in Necromancy
  1722 | D:4      | Reached XP level 6. HP: 27/47 MP: 4/13
  1758 | D:4      | Noticed Robin
  1771 | D:4      | Killed Robin
  1787 | D:4      | Reached skill level 4 in Earth Magic
  1840 | D:4      | Noticed Edmund
  1847 | D:4      | Killed Edmund
  2145 | D:5      | Entered Level 5 of the Dungeon
  2169 | D:5      | Reached skill level 5 in Earth Magic
  2169 | D:5      | Reached XP level 7. HP: 36/52 MP: 11/16
  2183 | D:5      | Reached skill level 4 in Spellcasting
  2261 | D:5      | Found a glowing drain.
  2287 | Sewer    | Entered a sewer
  2346 | Sewer    | Reached skill level 6 in Earth Magic
  2408 | Sewer    | Found a glowing silver altar of Zin.
  2608 | D:5      | Found a bloodstained altar of Trog.
  2608 | D:5      | Noticed Grinder
  2614 | D:5      | Killed Grinder
  2636 | D:4      | HP: 5/52 [worker ant (8)]
  2895 | D:5      | Reached skill level 7 in Earth Magic
  2895 | D:5      | Reached XP level 8. HP: 52/59 MP: 15/18
  2922 | D:5      | Found Xaonkaol's Distillery.
  2925 | D:5      | Bought a potion of lignification for 33 gold pieces
  2925 | D:5      | Bought a potion of curing for 33 gold pieces
  2925 | D:5      | Bought a potion of berserk rage for 55 gold pieces
  2963 | D:5      | Reached skill level 5 in Spellcasting
  2970 | D:5      | Learned a level 5 spell: Lee's Rapid Deconstruction
  3018 | D:5      | Found a burning altar of Makhleb.
  3327 | D:6      | Found Faank's Jewellery Shop.
  3366 | D:6      | Reached skill level 8 in Earth Magic
  3491 | D:7      | Got a scorched whip
  3492 | D:7      | Identified the cursed +1 whip of Expedience {slash, *Rage SInv Stlth+} (You found it on level 7 of the Dungeon)
  3668 | D:7      | Noticed a hippogriff
  3675 | D:7      | Killed a hippogriff
  3811 | D:10     | Entered Level 10 of the Dungeon
  3824 | D:10     | Gained mutation: Your natural rate of healing is unusually fast. [mutagenic meat]
  3865 | D:10     | Reached skill level 6 in Spellcasting
  3934 | D:9      | Reached XP level 9. HP: 56/64 MP: 18/21
  4029 | D:8      | Reached skill level 9 in Earth Magic
  4066 | D:8      | Found Fezusisa's Armour Emporium.
  4069 | D:8      | Bought a +0 pair of boots for 54 gold pieces
  4079 | D:8      | Learned a level 4 spell: Petrify
  4145 | D:8      | Reached skill level 1 in Transmutations
  4272 | D:7      | Found an opulent altar of Gozag.
  4365 | D:7      | Reached skill level 2 in Transmutations
  4713 | D:9      | Found a staircase to the Lair.
  4749 | Lair:1   | Entered Level 1 of the Lair of Beasts
  4869 | D:9      | Found a radiant altar of Vehumet.
  4909 | D:9      | Reached skill level 1 in Conjurations
  4951 | D:9      | Reached skill level 3 in Transmutations
  4954 | D:9      | Got a faintly humming scale mail
  4967 | D:9      | Identified the +0 scale mail of Foeperix {Int+4} (You took it off a big kobold on level 9 of the Dungeon)
  5033 | D:9      | Found a shimmering altar of Xom.
  5145 | D:10     | Reached skill level 7 in Spellcasting
  5145 | D:10     | Reached skill level 2 in Conjurations
  5278 | D:11     | Noticed a purple ugly thing
  5297 | D:11     | Killed a purple ugly thing
  5297 | D:11     | Reached skill level 4 in Transmutations
  5356 | D:11     | Reached skill level 1 in Dodging
  5374 | D:11     | Noticed a manticore
  5394 | D:11     | Killed a manticore
  5394 | D:11     | Reached skill level 2 in Fighting
  5394 | D:11     | Reached skill level 2 in Dodging
  5394 | D:11     | Reached XP level 10. HP: 23/74 MP: 11/25
  5585 | D:10     | Reached skill level 3 in Fighting
  5676 | D:12     | Noticed a six-headed hydra
  5685 | D:12     | Killed a six-headed hydra
  5685 | D:12     | Reached skill level 2 in Evocations
  5691 | D:12     | Reached skill level 4 in Fighting
  5780 | D:12     | Reached skill level 3 in Evocations
  5854 | D:12     | Noticed a five-headed hydra
  5863 | D:12     | Killed a five-headed hydra
  5863 | D:12     | Reached skill level 5 in Fighting
  5863 | D:12     | Reached skill level 4 in Evocations
  5906 | D:12     | Found a staircase to the Orcish Mines.
  5917 | D:12     | Noticed a tengu warrior
  5927 | D:12     | Killed a tengu warrior
  5927 | D:12     | Reached skill level 5 in Evocations
  5929 | D:12     | Reached skill level 6 in Fighting
  5974 | D:12     | Noticed a brown ugly thing
  5976 | D:12     | Noticed a purple ugly thing
  5992 | D:12     | Killed a brown ugly thing
  5993 | D:12     | Killed a brown ugly thing
  5993 | D:12     | Reached XP level 11. HP: 70/91 MP: 5/26
  6082 | D:12     | Reached skill level 6 in Evocations
  6083 | D:12     | Found Seguiq's Book Emporium.
  6145 | D:11     | Noticed a centaur warrior
  6161 | D:11     | Killed a centaur warrior
  6161 | D:11     | Reached skill level 7 in Fighting
  6214 | D:11     | Noticed Gastronok
  6239 | D:12     | Noticed a tengu warrior
  6369 | Orc:1    | Entered Level 1 of the Orcish Mines
  6443 | Orc:2    | Entered Level 2 of the Orcish Mines
  6517 | Orc:1    | Noticed Snorg
  6590 | Orc:1    | Noticed Urug
  6602 | Orc:1    | Killed Snorg
  6602 | Orc:1    | Reached skill level 8 in Fighting
  6605 | Orc:1    | Killed Urug
  6732 | Orc:1    | Reached skill level 9 in Fighting
  6951 | Orc:2    | Found a staircase to the Elven Halls.
  6959 | Elf:1    | Entered Level 1 of the Elven Halls
  6962 | Elf:1    | Noticed a deep elf archer
  7126 | Orc:1    | Reached skill level 3 in Dodging
  7220 | Orc:2    | Paralysed by an orc sorcerer for 4 turns
  7309 | Orc:2    | Paralysed by an orc sorcerer for 6 turns
  7316 | Orc:2    | Quit the game

Vault maps used:
D:1:      sevenhm_arrival_forest_fort_large_4
D:2:      first_bread, hangedman_decor_peaks_small, tgw_kikubaaqudgha,
          uniq_natasha
D:4:      minmay_temple_entry_fiery, palyth_stone_intersect,
          minmay_misc_feat_tiny, nicolae_qazlal_general_emergency, uniq_edmund,
          uniq_robin
D:5:      serial_shops, kennysheep_mini, basic_altar, lightli_sewer_entry_pipes,
          st_stairs_6, trog_three_pillars_becter, uniq_grinder
D:6:      serial_shops, shop
D:7:      basic_altar
D:8:      serial_shops, nicolae_shop_behind_doors, the_bakery
D:9:      vehumet_crystals, dpeg_oklobed_lair, xom_teletrap_fun
D:10:     serial_shops, shop
D:11:     minmay_diamond_stairs, uniq_psyche, uniq_gastronok
D:12:     kennysheep_orc_monster_closet_entryway, serial_shops, shop_fountains
D:13:     david_vaults_1, serial_shops, nicolae_shop_crystal,
          hangedman_tree_tricks, uniq_frances
Lair:1:   infiniplex_staircase_pool_2
Orc:1:    uniq_urug, uniq_snorg
Orc:2:    pf_orc_diabolical, serial_shops, nicolae_shop_trees, uniq_maurice
Elf:1:    hangedman_elf_disciples
Sewer:    sewer_kobolds

Skill      XL: |  1  2  3  4  5  6  7  8  9 10 11 |
---------------+----------------------------------+-----
Earth Magic    | 2 3 5 7 8 9 |  9.1
Spellcasting   | 2 3 4 6 7 |  7.3
Necromancy     | 2 |  2.2
Transmutations | 4 |  4.1
Conjurations   | 2 |  2.8
Dodging        | 2 3 |  3.6
Fighting       | 2 6 9 |  9.3
Evocations     | 5 6 |  6.0
Axes           | |  3.6
Stealth        | |  1.7
Hexes          | |  1.0

Action                   |  1- 3 |  4- 6 |  7- 9 | 10-12 || total
-------------------------+-------+-------+-------+-------++-------
Melee: Hand axe          |    54 |   123 |       |       ||   177
       Trident           |       |    13 |       |       ||    13
       Flail             |       |    12 |    13 |       ||    25
       Whip              |       |       |   153 |   171 ||   324
Throw: Stone             |       |     1 |       |       ||     1
       Javelin           |       |       |     1 |       ||     1
 Cast: Sandblast         |    11 |    40 |   133 |    90 ||   274
       Stone Arrow       |       |     5 |    16 |    31 ||    52
       Lee's Rapid Decon |       |       |     2 |    19 ||    21
       Passwall          |       |       |     2 |     5 ||     7
       Animate Skeleton  |       |       |     1 |    11 ||    12
       Petrify           |       |       |     1 |       ||     1
Evoke: Wand              |       |     8 |    15 |    29 ||    52
  Use: Potion            |     2 |     1 |     2 |     2 ||     7
       Scroll            |     1 |    11 |    12 |     4 ||    28
 Stab: Sleeping          |       |     3 |     2 |     2 ||     7
       Paralysed         |       |       |    10 |    13 ||    23
       Petrified         |       |       |     5 |       ||     5
  Eat: Chunk             |       |    14 |     7 |     6 ||    27
       Fruit             |       |       |     3 |       ||     3
       Royal jelly       |       |       |       |     1 ||     1
Armor: Ring mail         |    16 |    42 |       |       ||    58
       Robe              |       |     2 |     8 |       ||    10
       Animal skin       |       |       |    38 |     8 ||    46
       Troll leather arm |       |       |       |    84 ||    84
Dodge: Dodged            |    31 |    81 |   134 |   143 ||   389

Table legend:
 A = Spawn XP
 B = Non-spawn XP
 C = Spawn XP percentage of total XP
 D = Spawn monster count
 E = Non-spawn monster count
 F = Spawn count percentage of total count
 G = Total turns spent on level
                    A         B        C        D         E        F      G
               +---------+---------+-------+---------+---------+-------+---------
         Total |     514 |   19576 |   2.6 |      20 |     268 |   6.9 |  7316
               +---------+---------+-------+---------+---------+-------+---------
           D:1 |       5 |     123 |   3.9 |       3 |      15 |  16.7 |   624
           D:2 |       1 |      21 |   4.5 |       1 |      12 |   7.7 |   469
           D:3 |     143 |      80 |  64.1 |       2 |      18 |  10.0 |   564
           D:4 |       2 |     601 |   0.3 |       1 |      24 |   4.0 |   740
           D:5 |       3 |    1157 |   0.3 |       1 |      31 |   3.1 |   667
           D:6 |     172 |      53 |  76.4 |       3 |       2 |  60.0 |   294
           D:7 |       0 |     803 |   0.0 |       0 |      13 |   0.0 |   484
           D:8 |       6 |     431 |   1.4 |       2 |       8 |  20.0 |   414
           D:9 |     115 |     574 |  16.7 |       1 |      14 |   6.7 |   566
          D:10 |       0 |    1122 |   0.0 |       0 |      17 |   0.0 |   282
          D:11 |      67 |    3008 |   2.2 |       6 |      12 |  33.3 |   469
          D:12 |       0 |    6750 |   0.0 |       0 |      37 |   0.0 |   546
          D:13 |       0 |      85 |   0.0 |       0 |       1 |   0.0 |    24
         Orc:1 |       0 |    3632 |   0.0 |       0 |      35 |   0.0 |   498
         Orc:2 |       0 |    1025 |   0.0 |       0 |      17 |   0.0 |   441
         Sewer |       0 |     111 |   0.0 |       0 |      12 |   0.0 |   215
               +---------+---------+-------+---------+---------+-------+---------

Table legend:
 A = Turns spent in this place as a percentage of turns spent in the entire game.
 B = Non-inter-level travel turns spent in this place as a percentage of non-inter-level travel turns spent in the entire game.
 C = Inter-level travel turns spent in this place as a percentage of turns spent in this place.
 D = Turns resting spent in this place as a percentage of non-inter-level travel turns spent in this place.
 E = Turns spent auto-exploring this place as a percentage of non-inter-level travel turns spent in this place.
 F = Non-inter-level travel turns spent in this place divided by the number of levels of this place that you've seen.
                   A       B       C       D       E      F
               +-------+-------+-------+-------+-------+----------------------
         Total | 100.0 | 100.0 |   4.5 |   0.1 |   0.0 | 388.3
       Dungeon |  84.0 |  83.5 |   4.9 |   0.1 |   0.0 | 449.2
          Lair |   0.2 |   0.2 |   0.0 |   0.0 |   0.0 |  11.0
  Orcish Mines |  12.8 |  13.1 |   2.4 |   0.0 |   0.0 | 458.0
   Elven Halls |   0.1 |   0.1 |   0.0 |   0.0 |   0.0 |   8.0
         Sewer |   2.9 |   3.1 |   0.0 |   0.0 |   0.0 | 215.0
               +-------+-------+-------+-------+-------+----------------------

Table legend:
 A = Kills in this place as a percentage of kills in entire the game.
 B = Kills by you in this place as a percentage of kills by you in the entire game.
 C = Kills by friends in this place as a percentage of kills by friends in the entire game.
 D = Other kills in this place as a percentage of other kills in the entire game.
 E = Experience gained in this place as a percentage of experience gained in the entire game.
 F = Experience gained in this place divided by the number of levels of this place that you have seen.
                   A       B       C       D       E      F
               +-------+-------+-------+-------+-------+----------------------
         Total | 100.0 | 100.0 | 100.0 |   N/A | 100.0 | 1116.1
       Dungeon |  77.8 |  81.5 |   0.0 |   N/A |  76.3 | 1178.6
  Orcish Mines |  18.1 |  14.2 | 100.0 |   N/A |  23.2 | 2328.5
         Sewer |   4.2 |   4.4 |   0.0 |   N/A |   0.6 | 111.0
               +-------+-------+-------+-------+-------+----------------------

Vault maps used:
D:1:      sevenhm_arrival_forest_fort_large_4
D:2:      first_bread, hangedman_decor_peaks_small, tgw_kikubaaqudgha,
          uniq_natasha
D:4:      minmay_temple_entry_fiery, palyth_stone_intersect,
          minmay_misc_feat_tiny, nicolae_qazlal_general_emergency, uniq_edmund,
          uniq_robin
D:5:      serial_shops, kennysheep_mini, basic_altar, lightli_sewer_entry_pipes,
          st_stairs_6, trog_three_pillars_becter, uniq_grinder
D:6:      serial_shops, shop
D:7:      basic_altar
D:8:      serial_shops, nicolae_shop_behind_doors, the_bakery
D:9:      vehumet_crystals, dpeg_oklobed_lair, xom_teletrap_fun
D:10:     serial_shops, shop
D:11:     minmay_diamond_stairs, uniq_psyche, uniq_gastronok
D:12:     kennysheep_orc_monster_closet_entryway, serial_shops, shop_fountains
D:13:     david_vaults_1, serial_shops, nicolae_shop_crystal,
          hangedman_tree_tricks, uniq_frances
Lair:1:   infiniplex_staircase_pool_2
Orc:1:    uniq_urug, uniq_snorg
Orc:2:    pf_orc_diabolical, serial_shops, nicolae_shop_trees, uniq_maurice
Elf:1:    hangedman_elf_disciples
Sewer:    sewer_kobolds
